 Dungeon Crawl Stone Soup version 0.16-a0-1885-g0f03bb0 (webtiles) character file.

58 Kraw the Cutter (level 4, -3/30 HPs)
             Began as a Halfling Abyssal Knight on Nov 7, 2014.
             Was a Follower of Lugonu.
             Slain by a worm (8 damage)
             ... on level 2 of the Dungeon.
             The game lasted 00:05:47 (1442 turns).

Kraw the Cutter (Halfling Abyssal Knight)           Turns: 1442, Time: 00:05:47

Health: -3/30      AC:  3    Str: 17    XL:     4   Next: 20%
Magic:  7/7        EV: 12    Int: 17    God:    Lugonu [*.....]
Gold:   103        SH:  0    Dex: 13    Spells: 0 memorised, 3 levels left

rFire  . . .     SeeInvis .     a - +1 short sword
rCold  . . .     Clarity  .     b - +0 leather armour
rNeg   . . .     SustAb   .     (no shield)
rPois  .         Gourm    .     (no helmet)
rElec  .         Spirit   .     (no cloak)
rCorr  .         Warding  .     (no gloves)
rMut   .         Stasis   .     (no boots)
MR     .....                    (no amulet)
Stlth  +.........               (no ring)
                                (no ring)

@: mighty, brilliant, lethally poisoned, not resistant to hostile enchantments,
very unstealthy
A: mutation resistance 1
a: Depart the Abyss, Renounce Religion


You were on level 2 of the Dungeon.
You worshipped Lugonu.
Lugonu was aware of your devotion.
You were hungry.

You visited 1 branch of the dungeon, and saw 2 of its levels.
You visited the Abyss 1 time.

You collected 103 gold pieces.

Inventory:

Hand weapons
 a - a +1 short sword (weapon)
 f - a cursed -3 dagger
 k - a +0 hunting sling
Missiles
 e - 53 stones (quivered)
Armour
 b - a +0 leather armour (worn)
 l - a +2 buckler
Jewellery
 i - an uncursed ring of protection from fire {unknown}
Scrolls
 j - a scroll of identify {unknown}
Potions
 d - a potion of brilliance
Comestibles
 c - a bread ration
 m - 7 fruits


   Skills:
 - Level 2.6 Fighting
 + Level 4.2 Short Blades
 - Level 2.1 Armour
 - Level 1.1 Dodging
 + Level 3.5 Invocations


You had 3 spell levels left.
You didn't know any spells.

Dungeon Overview and Level Annotations

Branches:
Dungeon (2/15)

Altars:


Innate Abilities, Weirdness & Mutations

You are small and have problems with some larger weapons.
You are somewhat resistant to further mutation.


Message History

Drink which item? (? for menu, Esc to quit)
You feel clever all of a sudden.
It was a potion of brilliance.
The adder closely misses you.
Drink which item? (? for menu, Esc to quit)
You feel very mighty all of a sudden.
It was a potion of might.
You feel sick. The adder closely misses you. The adder barely misses you.
You feel sick.
You miss the adder.
The adder is severely wounded.
The adder bites you but does no damage.
You puncture the adder!
You kill the adder!
Lugonu accepts your kill.
You puncture the worm!
The worm is heavily wounded.
You puncture the worm!
The worm is almost dead.
You feel sick. The worm bites you!
You die...

..#.# ####.# .... #.# ... #.#
.. ♣## #.# . ♣.# #.# ♣♣>#
#.##########
.♣.########.....(....# .
.♣..........#.#....#.# ..
♣♣.♣######.@....P....P.#
...#♣♣.P♣ ##w.....≈≈.P...#
.....♣.♣♣#####......≈≈≈≈..P.#
....(...........P.♣≈≈≈≈≈≈...#
.....###..#####.P.≈≈≈≈≈≈≈...#
....#..<.........≈≈≈≈≈≈≈≈≈..#
.S...####.#####..≈≈≈≈≈≈≈≈≈..#
(w. #.# #.≈≈≈≈≈≈≈≈≈...# ...
#.# #.P..P≈≈≈≈♣...#


You could see a worm.

Vanquished Creatures
  2 adders (D:2)
  A gnoll (D:1)
  A giant cockroach (D:1)
  8 goblins
  3 hobgoblins (D:1)
  3 kobolds
  3 bats
  2 giant geckos
  2 giant newts (D:1)
  6 rats
31 creatures vanquished.

Notes
Turn   | Place    | Note
--------------------------------------------------------------
     0 | Abyss:1  | Kraw, the Halfling Abyssal Knight, began the quest for the Orb.
     0 | Abyss:1  | Reached XP level 1. HP: 15/15 MP: 1/1
    50 | Abyss:1  | Noticed a small abomination
    50 | D:1      | Escaped the Abyss
   180 | D:1      | Reached skill level 3 in Short Blades
   206 | D:1      | Acquired Lugonu's first power
   228 | D:1      | Reached XP level 2. HP: 20/20 MP: 2/2
   503 | D:1      | Reached XP level 3. HP: 18/25 MP: 4/4
  1295 | D:2      | Reached skill level 4 in Short Blades
  1403 | D:2      | Reached XP level 4. HP: 30/30 MP: 7/7
  1442 | D:2      | Slain by a worm

Action                   |  1- 3 |  4- 6 || total
-------------------------+-------+-------++-------
Melee: Short sword       |    73 |    23 ||    96
Throw: Stone             |    26 |     1 ||    27
       Tomahawk          |    18 |     1 ||    19
Invok: Depart the Abyss  |     1 |       ||     1
  Use: Potion            |       |     2 ||     2
  Eat: Chunk             |     1 |       ||     1
